 Dungeon Crawl Stone Soup version 0.29.0-4-gdea44cf6ec (webtiles) character file.

Game seed: 869610191906234221

781 qw the Ruffian (level 7, -2/61 HPs)
             Began as a Ghoul Fire Elementalist on Aug 29, 2022.
             Slain by Edmund
             ... wielding a +1 flail of protection
              (5 damage)
             ... on level 4 of the Dungeon.
             The game lasted 00:06:37 (3689 turns).

qw the Ruffian (Ghoul Fire Elementalist)            Turns: 3689, Time: 00:06:38

Health: -2/61      AC: 10    Str: 14    XL:     7   Next: 85%
Magic:  8/8        EV:  8    Int: 10    God:
Gold:   195        SH:  0    Dex:  9    Spells: 8/9 levels left

rFire   . . .      SeeInvis .     - Unarmed
rCold   + . .      Faith    .   (no shield)
rNeg    + + +      Spirit   .   g - +0 plate armour
rPois   inf        Reflect  .   (no helmet)
rElec   .          Harm     .   (no cloak)
rCorr   +          Rampage  .   (no gloves)
Will    .....                   (no boots)
Stlth   ..........              f - amulet of regeneration
HPRegen 0.00/turn               e - ring of resist corrosion
MPRegen 0.11/turn               d - +4 ring of evasion

@: inhibited regen
A: claws 1, cold resistance 1, negative energy resistance 3, inhibited
regeneration, torment resistance 2, devour on kill
a: no special abilities


You were on level 4 of the Dungeon.
You visited 1 branch of the dungeon, and saw 4 of its levels.

You collected 195 gold pieces.


Innate Abilities, Weirdness & Mutations

You are immune to poison.
You have sharp fingernails.
Your flesh is cold resistant. (rC+)
You are immune to negative energy. (rN+++)
You do not regenerate when monsters are visible.
You are immune to unholy pain and torment.
You thrive by killing the living.


   Skills:
 - Level 5.3 Fighting
 - Level 2.1 Armour
 - Level 1.7 Dodging
 - Level 2.1 Stealth
 + Level 6.6 Unarmed Combat
 - Level 1.7 Spellcasting
 - Level 0.7 Conjurations
 - Level 2.4 Fire Magic


You had 8 spell levels left.
You knew the following spells:

 Your Spells              Type           Power      Damage    Failure   Level
a - Foxfire               Conj/Fire      16%        2x1d4     100%        1

Your spell library contained the following spells:

 Spells                   Type           Power      Damage    Failure   Level
 Scorch                   Fire           10%        2d5       100%        2
 Conjure Flame            Conj/Fire      4%         6-21      100%        3
 Inner Flame              Hex/Fire       3%         N/A       100%        3
 Flame Wave               Conj/Fire      4%         2d5       100%        4

Inventory:

Armour
 g - a +0 plate armour (worn)
 j - the +7 Kryia's mail coat {PotionHeal*2 rC+}
   (You found it on level 4 of the Dungeon)

   Potions are twice as effective at healing its wearer.
   rC:        It protects you from cold.
Jewellery
 b - a +6 ring of dexterity
 d - a +4 ring of evasion (right claw)
 e - a ring of resist corrosion (left claw)
 f - an amulet of regeneration (around neck)
 i - an amulet of faith
Scrolls
 a - a scroll of identify
 k - a scroll of amnesia {unknown}
 l - a scroll of magic mapping {unknown}
Potions
 c - a potion of might
 h - a potion of mutation {unknown}
 m - a potion of curing {unknown}

Dungeon Overview and Level Annotations

Branches:
Dungeon (4/15)
 Temple: D:4-7

Altars:
Gozag
Trog
Vehumet
Xom

Annotations:
D:4 Edmund


Message History

Edmund hits you but does no damage. The hound bites you but does no damage.
You completely miss Edmund.
Edmund is moderately wounded.
The hound bites you but does no damage.
Edmund hits you with a +1 flail of protection.
You scratch Edmund.
Edmund is heavily wounded.
The hound bites you but does no damage.
Edmund hits you with a +1 flail of protection.
The hound bites you.
You scratch Edmund but do no damage.
Edmund is heavily wounded.
The hound bites you but does no damage. Edmund hits you but does no damage.
You scratch Edmund. Your claw misses Edmund.
Edmund is heavily wounded.
The hound barely misses you.
Edmund hits you with a +1 flail of protection.
You scratch Edmund but do no damage.
Edmund is heavily wounded.
The hound bites you but does no damage.
Edmund hits you with a +1 flail of protection!
You scratch Edmund but do no damage.
Edmund is heavily wounded.
The hound barely misses you. The hound bites you but does no damage.
You scratch Edmund.
Edmund is heavily wounded.
Edmund barely misses you. The hound bites you.
You scratch Edmund.
Edmund is severely wounded.
The hound bites you but does no damage.
Edmund hits you with a +1 flail of protection.
You barely miss Edmund.
Edmund is severely wounded.
The hound bites you but does no damage.
Edmund hits you with a +1 flail of protection!
The hound closely misses you.
You scratch Edmund.
Edmund is severely wounded.
Edmund hits you with a +1 flail of protection.
You die...

######........
##.##..........
##..............
#...............
##...............
#..##............
##.####...........
#.## ##..........
#@# ##.........
#h#@..# ##........
#. ....# ##.......
.# .....# ###.....
#. ....... ##....
.. ....... #####
#. ....... #.
....... # ###


You could see Edmund and a hound.

Vanquished Creatures
  Sigmund (D:2)
  Menkaure (D:4)
  A black bear (D:4)
  A phantom (D:4)
  A jelly (D:4)
  A hound (D:4)
  A gnoll bouda (D:4)
  Ijyb (D:3)
  Terence (D:2)
  Natasha (D:3)
  5 gnolls (D:4)
  3 adders
  A shadow imp (D:4)
  An ufetubus (D:4)
  A worm (D:2)
  3 dart slugs
  6 orcs
  3 ball pythons
  6 endoplasms
  2 giant cockroaches
  5 hobgoblins
  3 quokkas
  8 bats
  3 frilled lizards
  9 goblins
  3 kobolds
  5 rats
77 creatures vanquished.

Vanquished Creatures (others)
  5 plants (D:3)
  4 toadstools (D:1)
9 creatures vanquished.

Grand Total: 86 creatures vanquished

Notes
Turn   | Place    | Note
-------+----------+-------------------------------------------
     0 | D:1      | qw the Ghoul Fire Elementalist began the quest for the Orb.
     0 | D:1      | Reached XP level 1. HP: 14/14 MP: 2/2
     0 | D:1      | 0 ||| qw: Version: 0.1-a-90-g952f4b7
     0 | D:1      | 0 ||| qw: Game counter: 4103
     0 | D:1      | 0 ||| qw: Always use a shield: true
     0 | D:1      | 0 ||| qw: God list: Okawaru
     0 | D:1      | 0 ||| qw: Allow faded altars: false
     0 | D:1      | 0 ||| qw: Do Orc after D:15 true
     0 | D:1      | 0 ||| qw: Do second Lair branch before Depths: true
     0 | D:1      | 0 ||| qw: Lair rune preference: random
     0 | D:1      | 0 ||| qw: Plans: Normal
     0 | D:1      | 0 ||| PLANNING D:1-11
    25 | D:1      | 25 ||| DROPPING potion of magic.
    26 | D:1      | 26 ||| Stepping randomly (stuck).
    27 | D:1      | 27 ||| Stepping randomly (stuck).
    28 | D:1      | 28 ||| Stepping randomly (stuck).
    29 | D:1      | 29 ||| Stepping randomly (stuck).
    30 | D:1      | 30 ||| Stepping randomly (stuck).
    31 | D:1      | 31 ||| Stepping randomly (stuck).
    32 | D:1      | 32 ||| Stepping randomly (stuck).
    33 | D:1      | 33 ||| Stepping randomly (stuck).
    34 | D:1      | 34 ||| Stepping randomly (stuck).
    35 | D:1      | 35 ||| Stepping randomly (stuck).
    36 | D:1      | 36 ||| Stepping randomly (stuck).
    37 | D:1      | 37 ||| Stepping randomly (stuck).
    38 | D:1      | 38 ||| Stepping randomly (stuck).
    39 | D:1      | 39 ||| Stepping randomly (stuck).
    40 | D:1      | 40 ||| Stepping randomly (stuck).
    41 | D:1      | 41 ||| Stepping randomly (stuck).
    42 | D:1      | 42 ||| Stepping randomly (stuck).
    43 | D:1      | 43 ||| Stepping randomly (stuck).
    44 | D:1      | 44 ||| Stepping randomly (stuck).
    45 | D:1      | 45 ||| Stepping randomly (stuck).
    46 | D:1      | 46 ||| Stepping randomly (stuck).
    47 | D:1      | 47 ||| Stepping randomly (stuck).
    48 | D:1      | 48 ||| Stepping randomly (stuck).
    49 | D:1      | 49 ||| Stepping randomly (stuck).
    50 | D:1      | 50 ||| Stepping randomly (stuck).
    51 | D:1      | 51 ||| Stepping randomly (stuck).
    52 | D:1      | 52 ||| Stepping randomly (stuck).
    53 | D:1      | 53 ||| Stepping randomly (stuck).
    54 | D:1      | 54 ||| Stepping randomly (stuck).
    55 | D:1      | 55 ||| Stepping randomly (stuck).
    56 | D:1      | 56 ||| Stepping randomly (stuck).
    57 | D:1      | 57 ||| Stepping randomly (stuck).
    58 | D:1      | 58 ||| Stepping randomly (stuck).
    59 | D:1      | 59 ||| Stepping randomly (stuck).
    60 | D:1      | 60 ||| Stepping randomly (stuck).
    61 | D:1      | 61 ||| Stepping randomly (stuck).
    62 | D:1      | 62 ||| Stepping randomly (stuck).
    63 | D:1      | 63 ||| Stepping randomly (stuck).
    64 | D:1      | 64 ||| Stepping randomly (stuck).
    65 | D:1      | 65 ||| Stepping randomly (stuck).
    66 | D:1      | 66 ||| Stepping randomly (stuck).
    67 | D:1      | 67 ||| Stepping randomly (stuck).
    68 | D:1      | 68 ||| Stepping randomly (stuck).
    69 | D:1      | 69 ||| Stepping randomly (stuck).
    70 | D:1      | 70 ||| Stepping randomly (stuck).
    71 | D:1      | 71 ||| Stepping randomly (stuck).
    72 | D:1      | 72 ||| Stepping randomly (stuck).
    73 | D:1      | 73 ||| Stepping randomly (stuck).
    74 | D:1      | 74 ||| Stepping randomly (stuck).
    75 | D:1      | 75 ||| Stepping randomly (stuck).
    76 | D:1      | 76 ||| Stepping randomly (stuck).
    77 | D:1      | 77 ||| Stepping randomly (stuck).
    78 | D:1      | 78 ||| Stepping randomly (stuck).
    79 | D:1      | 79 ||| Stepping randomly (stuck).
    80 | D:1      | 80 ||| Stepping randomly (stuck).
    81 | D:1      | 81 ||| Stepping randomly (stuck).
    82 | D:1      | 82 ||| Stepping randomly (stuck).
    83 | D:1      | 83 ||| Stepping randomly (stuck).
    84 | D:1      | 84 ||| Stepping randomly (stuck).
    85 | D:1      | 85 ||| Stepping randomly (stuck).
    86 | D:1      | 86 ||| Stepping randomly (stuck).
    87 | D:1      | 87 ||| Stepping randomly (stuck).
    88 | D:1      | 88 ||| Stepping randomly (stuck).
    89 | D:1      | 89 ||| Stepping randomly (stuck).
    90 | D:1      | 90 ||| Stepping randomly (stuck).
    91 | D:1      | 91 ||| Stepping randomly (stuck).
    92 | D:1      | 92 ||| Stepping randomly (stuck).
    93 | D:1      | 93 ||| Stepping randomly (stuck).
    94 | D:1      | 94 ||| Stepping randomly (stuck).
    95 | D:1      | 95 ||| Stepping randomly (stuck).
    96 | D:1      | 96 ||| Stepping randomly (stuck).
    97 | D:1      | 97 ||| Stepping randomly (stuck).
    98 | D:1      | 98 ||| Stepping randomly (stuck).
    99 | D:1      | 99 ||| Stepping randomly (stuck).
   100 | D:1      | 100 ||| Stepping randomly (stuck).
   101 | D:1      | 101 ||| Stepping randomly (stuck).
   102 | D:1      | 102 ||| Stepping randomly (stuck).
   103 | D:1      | 103 ||| Stepping randomly (stuck).
   104 | D:1      | 104 ||| Stepping randomly (stuck).
   105 | D:1      | 105 ||| Stepping randomly (stuck).
   106 | D:1      | 106 ||| Stepping randomly (stuck).
   107 | D:1      | 107 ||| Stepping randomly (stuck).
   108 | D:1      | 108 ||| Stepping randomly (stuck).
   109 | D:1      | 109 ||| Stepping randomly (stuck).
   110 | D:1      | 110 ||| Stepping randomly (stuck).
   111 | D:1      | 111 ||| Stepping randomly (stuck).
   112 | D:1      | 112 ||| Stepping randomly (stuck).
   113 | D:1      | 113 ||| Stepping randomly (stuck).
   114 | D:1      | 114 ||| Stepping randomly (stuck).
   115 | D:1      | 115 ||| Stepping randomly (stuck).
   116 | D:1      | 116 ||| Stepping randomly (stuck).
   117 | D:1      | 117 ||| Stepping randomly (stuck).
   118 | D:1      | 118 ||| Stepping randomly (stuck).
   119 | D:1      | 119 ||| Stepping randomly (stuck).
   120 | D:1      | 120 ||| Stepping randomly (stuck).
   121 | D:1      | 121 ||| Stepping randomly (stuck).
   122 | D:1      | 122 ||| Stepping randomly (stuck).
   123 | D:1      | 123 ||| Stepping randomly (stuck).
   124 | D:1      | 124 ||| Stepping randomly (stuck).
   125 | D:1      | 125 ||| Stepping randomly (stuck).
   126 | D:1      | 126 ||| Stepping randomly (stuck).
   127 | D:1      | 127 ||| Stepping randomly (stuck).
   128 | D:1      | 128 ||| Stepping randomly (stuck).
   129 | D:1      | 129 ||| Stepping randomly (stuck).
   130 | D:1      | 130 ||| Stepping randomly (stuck).
   131 | D:1      | 131 ||| Stepping randomly (stuck).
   132 | D:1      | 132 ||| Stepping randomly (stuck).
   133 | D:1      | 133 ||| Stepping randomly (stuck).
   134 | D:1      | 134 ||| Stepping randomly (stuck).
   135 | D:1      | 135 ||| Stepping randomly (stuck).
   136 | D:1      | 136 ||| Stepping randomly (stuck).
   137 | D:1      | 137 ||| Stepping randomly (stuck).
   138 | D:1      | 138 ||| Stepping randomly (stuck).
   139 | D:1      | 139 ||| Stepping randomly (stuck).
   140 | D:1      | 140 ||| Stepping randomly (stuck).
   141 | D:1      | 141 ||| Stepping randomly (stuck).
   142 | D:1      | 142 ||| Stepping randomly (stuck).
   143 | D:1      | 143 ||| Stepping randomly (stuck).
   144 | D:1      | 144 ||| Stepping randomly (stuck).
   145 | D:1      | 145 ||| Stepping randomly (stuck).
   146 | D:1      | 146 ||| Stepping randomly (stuck).
   147 | D:1      | 147 ||| Stepping randomly (stuck).
   148 | D:1      | 148 ||| Stepping randomly (stuck).
   149 | D:1      | 149 ||| Stepping randomly (stuck).
   150 | D:1      | 150 ||| Stepping randomly (stuck).
   151 | D:1      | 151 ||| Stepping randomly (stuck).
   152 | D:1      | 152 ||| Stepping randomly (stuck).
   153 | D:1      | 153 ||| Stepping randomly (stuck).
   154 | D:1      | 154 ||| Stepping randomly (stuck).
   155 | D:1      | 155 ||| Stepping randomly (stuck).
   156 | D:1      | 156 ||| Stepping randomly (stuck).
   157 | D:1      | 157 ||| Stepping randomly (stuck).
   158 | D:1      | 158 ||| Stepping randomly (stuck).
   159 | D:1      | 159 ||| Stepping randomly (stuck).
   160 | D:1      | 160 ||| Stepping randomly (stuck).
   161 | D:1      | 161 ||| Stepping randomly (stuck).
   162 | D:1      | 162 ||| Stepping randomly (stuck).
   163 | D:1      | 163 ||| Stepping randomly (stuck).
   164 | D:1      | 164 ||| Stepping randomly (stuck).
   165 | D:1      | 165 ||| Stepping randomly (stuck).
   166 | D:1      | 166 ||| Stepping randomly (stuck).
   167 | D:1      | 167 ||| Stepping randomly (stuck).
   168 | D:1      | 168 ||| Stepping randomly (stuck).
   169 | D:1      | 169 ||| Stepping randomly (stuck).
   170 | D:1      | 170 ||| Stepping randomly (stuck).
   171 | D:1      | 171 ||| Stepping randomly (stuck).
   172 | D:1      | 172 ||| Stepping randomly (stuck).
   173 | D:1      | 173 ||| Stepping randomly (stuck).
   174 | D:1      | 174 ||| Stepping randomly (stuck).
   175 | D:1      | 175 ||| Stepping randomly (stuck).
   176 | D:1      | 176 ||| Stepping randomly (stuck).
   177 | D:1      | 177 ||| Stepping randomly (stuck).
   178 | D:1      | 178 ||| Stepping randomly (stuck).
   179 | D:1      | 179 ||| Stepping randomly (stuck).
   180 | D:1      | 180 ||| Stepping randomly (stuck).
   181 | D:1      | 181 ||| Stepping randomly (stuck).
   182 | D:1      | 182 ||| Stepping randomly (stuck).
   183 | D:1      | 183 ||| Stepping randomly (stuck).
   184 | D:1      | 184 ||| Stepping randomly (stuck).
   185 | D:1      | 185 ||| Stepping randomly (stuck).
   186 | D:1      | 186 ||| Stepping randomly (stuck).
   187 | D:1      | 187 ||| Stepping randomly (stuck).
   188 | D:1      | 188 ||| Stepping randomly (stuck).
   189 | D:1      | 189 ||| Stepping randomly (stuck).
   190 | D:1      | 190 ||| Stepping randomly (stuck).
   191 | D:1      | 191 ||| Stepping randomly (stuck).
   192 | D:1      | 192 ||| Stepping randomly (stuck).
   193 | D:1      | 193 ||| Stepping randomly (stuck).
   194 | D:1      | 194 ||| Stepping randomly (stuck).
   195 | D:1      | 195 ||| Stepping randomly (stuck).
   196 | D:1      | 196 ||| Stepping randomly (stuck).
   197 | D:1      | 197 ||| Stepping randomly (stuck).
   198 | D:1      | 198 ||| Stepping randomly (stuck).
   199 | D:1      | 199 ||| Stepping randomly (stuck).
   200 | D:1      | 200 ||| Stepping randomly (stuck).
   201 | D:1      | 201 ||| Stepping randomly (stuck).
   202 | D:1      | 202 ||| Stepping randomly (stuck).
   203 | D:1      | 203 ||| Stepping randomly (stuck).
   204 | D:1      | 204 ||| Stepping randomly (stuck).
   205 | D:1      | 205 ||| Stepping randomly (stuck).
   206 | D:1      | 206 ||| Stepping randomly (stuck).
   207 | D:1      | 207 ||| Stepping randomly (stuck).
   208 | D:1      | 208 ||| Stepping randomly (stuck).
   209 | D:1      | 209 ||| Stepping randomly (stuck).
   210 | D:1      | 210 ||| Stepping randomly (stuck).
   211 | D:1      | 211 ||| Stepping randomly (stuck).
   212 | D:1      | 212 ||| Stepping randomly (stuck).
   213 | D:1      | 213 ||| Stepping randomly (stuck).
   214 | D:1      | 214 ||| Stepping randomly (stuck).
   215 | D:1      | 215 ||| Stepping randomly (stuck).
   216 | D:1      | 216 ||| Stepping randomly (stuck).
   217 | D:1      | 217 ||| Stepping randomly (stuck).
   218 | D:1      | 218 ||| Stepping randomly (stuck).
   219 | D:1      | 219 ||| Stepping randomly (stuck).
   220 | D:1      | 220 ||| Stepping randomly (stuck).
   221 | D:1      | 221 ||| Stepping randomly (stuck).
   222 | D:1      | 222 ||| Stepping randomly (stuck).
   223 | D:1      | 223 ||| Stepping randomly (stuck).
   287 | D:1      | 287 ||| DROPPING ring of flight.
   288 | D:1      | 288 ||| DRINKING 2 smoky cyan potions.
   295 | D:2      | Noticed Sigmund
   298 | D:2      | Reached skill level 1 in Unarmed Combat
   309 | D:2      | Killed Sigmund
   310 | D:2      | Reached XP level 2. HP: 17/29 MP: 3/3
   310 | D:2      | Reached XP level 3. HP: 21/36 MP: 4/4
   310 | D:2      | Reached XP level 4. HP: 25/42 MP: 5/5
   310 | D:2      | Reached XP level 5. HP: 29/48 MP: 6/6
   496 | D:2      | 496 ||| Stepping ~*~*~tactically~*~*~ (stealth).
   498 | D:2      | 498 ||| Stepping ~*~*~tactically~*~*~ (stealth).
   503 | D:2      | 503 ||| Stepping ~*~*~tactically~*~*~ (stealth).
   509 | D:2      | 509 ||| Stepping ~*~*~tactically~*~*~ (stealth).
   541 | D:2      | 541 ||| Stepping ~*~*~tactically~*~*~ (stealth).
   624 | D:2      | Noticed Terence
   644 | D:2      | Killed Terence
   645 | D:2      | Reached skill level 2 in Unarmed Combat
   730 | D:2      | 730 ||| Stepping ~*~*~tactically~*~*~ (stealth).
   747 | D:2      | 747 ||| Stepping ~*~*~tactically~*~*~ (stealth).
   748 | D:2      | 748 ||| FLEEEEING.
   752 | D:2      | 752 ||| FLEEEEING.
   780 | D:2      | 780 ||| FLEEEEING.
   783 | D:2      | 783 ||| FLEEEEING.
   784 | D:2      | 784 ||| FLEEEEING.
   785 | D:2      | 785 ||| FLEEEEING.
   786 | D:2      | 786 ||| FLEEEEING.
   787 | D:2      | 787 ||| STAIRDANCE
   844 | D:1      | 844 ||| UPGRADING to +0 ring mail.
   854 | D:1      | 854 ||| DROPPING +0 robe.
   855 | D:1      | 855 ||| READING scroll labelled LENOSIPUSS.
  1275 | D:2      | Found a bloodstained altar of Trog.
  1546 | D:2      | 1546 ||| UPGRADING to +0 chain mail.
  1556 | D:2      | 1556 ||| DROPPING +0 ring mail.
  1557 | D:2      | 1557 ||| UPGRADING to amulet of regeneration.
  1562 | D:2      | 1562 ||| UPGRADING to ring of resist corrosion.
  1563 | D:2      | 1563 ||| READING scroll labelled MIXIUGH EMOU.
  1564 | D:2      | 1564 ||| READING scroll labelled MODEUMMIMN.
  1565 | D:2      | 1565 ||| READING scroll labelled SUAWOCH KAKO.
  1784 | D:1      | Found a faded altar of an unknown god.
  1791 | D:1      | Reached XP level 6. HP: 56/56 MP: 7/7
  1955 | D:1      | 1955 ||| Stepping ~*~*~tactically~*~*~ (outnumbered).
  1964 | D:1      | 1964 ||| Stepping ~*~*~tactically~*~*~ (outnumbered).
  1965 | D:1      | 1965 ||| Stepping ~*~*~tactically~*~*~ (outnumbered).
  2110 | D:1      | 2110 ||| UPGRADING to +0 plate armour.
  2120 | D:1      | 2120 ||| DROPPING +0 chain mail.
  2121 | D:1      | 2121 ||| READING scroll labelled XITIRU BAHANU.
  2204 | D:3      | Reached skill level 3 in Unarmed Combat
  2236 | D:3      | 2236 ||| Stepping ~*~*~tactically~*~*~ (outnumbered).
  2242 | D:3      | 2242 ||| Stepping ~*~*~tactically~*~*~ (outnumbered).
  2262 | D:3      | Found a shimmering altar of Xom.
  2275 | D:3      | Noticed Ijyb
  2276 | D:3      | 2276 ||| Stepping ~*~*~tactically~*~*~ (hiding).
  2277 | D:3      | 2277 ||| Stepping ~*~*~tactically~*~*~ (stealth).
  2280 | D:3      | 2280 ||| FLEEEEING.
  2281 | D:3      | 2281 ||| FLEEEEING.
  2282 | D:3      | 2282 ||| FLEEEEING.
  2283 | D:3      | 2283 ||| FLEEEEING.
  2284 | D:3      | 2284 ||| FLEEEEING.
  2285 | D:3      | 2285 ||| FLEEEEING.
  2286 | D:3      | 2286 ||| FLEEEEING.
  2287 | D:3      | 2287 ||| FLEEEEING.
  2288 | D:3      | 2288 ||| FLEEEEING.
  2289 | D:3      | 2289 ||| FLEEEEING.
  2290 | D:3      | 2290 ||| FLEEEEING.
  2319 | D:3      | HP: 14/56 [Ijyb/puff of flame (4)]
  2324 | D:3      | HP: 10/56 [Ijyb/+0 dagger (4)]
  2325 | D:3      | Killed Ijyb
  2326 | D:3      | Reached skill level 1 in Armour
  2467 | D:3      | 2467 ||| Stepping ~*~*~tactically~*~*~ (stealth).
  2563 | D:3      | Found an opulent altar of Gozag.
  2592 | D:3      | Noticed Natasha
  2622 | D:3      | Killed Natasha
  2869 | D:3      | 2869 ||| UPGRADING to +4 ring of evasion.
  2870 | D:3      | 2870 ||| READING scroll labelled VIYPIUXK VUEGH.
  2873 | D:3      | 2873 ||| READING 2 scrolls of identify.
  2873 | D:3      | 2873 ||| IDENTIFYING pink potion
  2874 | D:3      | 2874 ||| DROPPING potion of flight.
  2912 | D:4      | 2912 ||| Stepping ~*~*~tactically~*~*~ (stealth).
  2917 | D:4      | 2917 ||| Stepping ~*~*~tactically~*~*~ (stealth).
  2918 | D:4      | 2918 ||| Stepping ~*~*~tactically~*~*~ (stealth).
  2920 | D:4      | 2920 ||| Stepping ~*~*~tactically~*~*~ (stealth).
  2938 | D:4      | Reached skill level 4 in Unarmed Combat
  2968 | D:4      | Found a radiant altar of Vehumet.
  3005 | D:4      | 3005 ||| Stepping ~*~*~tactically~*~*~ (outnumbered).
  3006 | D:4      | 3006 ||| Stepping ~*~*~tactically~*~*~ (outnumbered).
  3008 | D:4      | 3008 ||| Stepping ~*~*~tactically~*~*~ (outnumbered).
  3013 | D:4      | 3013 ||| Stepping ~*~*~tactically~*~*~ (outnumbered).
  3226 | D:4      | Found the +7 Kryia's mail coat {PotionHeal*2 rC+}
  3232 | D:4      | Noticed a black bear
  3250 | D:4      | HP: 12/56 [black bear (3)]
  3253 | D:4      | Killed a black bear
  3254 | D:4      | Reached skill level 5 in Unarmed Combat
  3254 | D:4      | Reached XP level 7. HP: 19/61 MP: 8/8
  3301 | D:4      | Noticed Menkaure
  3311 | D:4      | Killed Menkaure
  3312 | D:4      | Reached skill level 6 in Unarmed Combat
  3419 | D:4      | 3419 ||| Stepping ~*~*~tactically~*~*~ (stealth).
  3421 | D:4      | 3421 ||| Stepping ~*~*~tactically~*~*~ (stealth).
  3423 | D:4      | 3423 ||| Stepping ~*~*~tactically~*~*~ (stealth).
  3432 | D:4      | 3432 ||| Stepping ~*~*~tactically~*~*~ (stealth).
  3463 | D:4      | 3463 ||| Stepping ~*~*~tactically~*~*~ (stealth).
  3480 | D:4      | 3480 ||| Stepping ~*~*~tactically~*~*~ (stealth).
  3481 | D:4      | 3481 ||| Stepping ~*~*~tactically~*~*~ (stealth).
  3491 | D:4      | 3491 ||| Stepping ~*~*~tactically~*~*~ (stealth).
  3492 | D:4      | 3492 ||| Stepping ~*~*~tactically~*~*~ (stealth).
  3665 | D:4      | Noticed Edmund
  3684 | D:4      | HP: 15/61 [Edmund/+1 flail of protection (9)]
  3688 | D:4      | HP: 3/61 [Edmund/+1 flail of protection (8)]
  3689 | D:4      | Slain by Edmund

Levels and vault maps discovered:
D:1:      ldierk_water_garden, layout_rooms,
          shapermc_ecumenical_altar_notcrosses, minmay_misc_feat_plants
D:2:      layout_basic, basic_altar, uniq_terence, uniq_sigmund
D:3:      layout_rooms, old_standard_altar, lemuel_round_altar,
          mainiacjoe_overflow_cross_hatched, amcnicky_mini_rare_corridor_liquid,
          uniq_ijyb, uniq_natasha
D:4:      layout_cave_pods, nicolae_overflow_hidden_temple, uniq_menkaure,
          uniq_edmund

Skill      XL: |  1  2  3  4  5  6  7 |
---------------+----------------------+-----
Unarmed Combat | 1 2 5 6 |  6.6
Fighting       | 5 |  5.3
Armour         | 1 2 |  2.1
Dodging        | |  1.7
Stealth        | |  2.1
Spellcasting   | |  1.7
Conjurations   | |  0.7
Fire Magic     | |  2.4

Action                   |  1- 3 |  4- 6 |  7- 9 || total
-------------------------+-------+-------+-------++-------
Melee: Unarmed           |    10 |   357 |    79 ||   446
       Punch             |       |    10 |     8 ||    18
  Use: Potion            |     1 |       |       ||     1
       Scroll            |       |     7 |       ||     7
Armor: Chain mail        |       |    33 |       ||    33
       Ring mail         |       |    10 |       ||    10
       Robe              |       |     9 |       ||     9
       Plate armour      |       |   191 |    29 ||   220
Dodge: Dodged            |     6 |   133 |    18 ||   157

Table legend:
 A = Non-vault XP
 B = Vault XP
 C = Vault XP percentage of total XP
 D = Non-vault monster count
 E = Vault monster count
 F = Vault count percentage of total count
                 A         B        C        D         E       F
            +---------+---------+-------+---------+---------+-------
      Total |     608 |     508 |  45.5 |      72 |       5 |   6.5
            +---------+---------+-------+---------+---------+-------
        D:1 |      30 |       0 |   0.0 |      17 |       0 |   0.0
        D:2 |      34 |     267 |  88.7 |      16 |       2 |  11.1
        D:3 |      41 |      69 |  62.7 |      17 |       2 |  10.5
        D:4 |     503 |     172 |  25.5 |      22 |       1 |   4.3
            +---------+---------+-------+---------+---------+-------
